Cogmind - Beta 9.4 @@@ ROGUE MODE // 2020.02.02 @ 10:06:53 Player: PabloBot Result: Destroyed by S-10 Pest with Light Assault Rifle Performance ------------- Evolutions (1) 500 Regions Visited (2) 400 Robots Destroyed (42) 210 Value Destroyed (815) 815 Prototype IDs (2) 40 Alien Tech Used (0) 0 Bonus (0) 0 TOTAL SCORE: 1965 Bonus ------- None Cogmind --------- Core Integrity 0/400 Matter 300/300 Energy 100/100 System Corruption 2% Temperature Cool (0) Movement Core (450) Ox8 Location -9/Materials Parts ------- > --- POWER (1) -------- (None) > --- PROPULSION (2) --- (None) > --- UTILITY (4) ------ Medium Storage Unit Large Storage Unit > --- WEAPON (2) ------- Heavy Mace > --- INVENTORY (14) --- Ion Engine Light Treads Light Treads Light Treads Large Storage Unit EM Pulse Cannon EM Pulse Cannon EM Pulse Cannon EM Pulse Cannon Heavy Hammer Heavy Mace Heavy Mace Peak State ------------ > --- POWER ------------ Ion Engine > --- PROPULSION ------- Light Treads Light Treads > --- UTILITY ---------- Medium Storage Unit Large Storage Unit Improved Targeting Computer Light Armor Plating > --- WEAPON ----------- Heavy Mace Heavy Mace > --- INVENTORY -------- Cooling System Large Storage Unit EM Pulse Cannon EM Pulse Cannon EM Pulse Cannon EM Pulse Cannon Heavy Mace Heavy Mace [Rating: 16] Favorites ----------- Power Ion Engine Engine Ion Engine Propulsion Light Treads Treads Light Treads Utility Large Storage Unit Device Cooling System Storage Large Storage Unit Processor Improved Targeting Computer Protection Light Armor Plating Weapon Light Cannon Energy Gun EM Pulse Gun Energy Cannon EM Pulse Cannon Ballistic Gun Assault Rifle Ballistic Cannon Light Cannon Impact Weapon Heavy Mace Build | -11 -10 -9 ------- Run | Scr Mat Mat Slots Evolved 2 | . . 2 Power . | . . . Propulsion . | . . . Utility 2 | . . 2 Weapon . | . . . Parts Attached 34 | 6 14 14 Power 5 | 1 2 2 Engine 5 | 1 2 2 Core . | . . . Reactor . | . . . Propulsion 7 | 2 3 2 Treads 7 | 2 3 2 Leg . | . . . Wheel . | . . . Hover . | . . . Flight . | . . . Utility 11 | 1 4 6 Device 2 | . 1 1 Storage 5 | 1 2 2 Processor 1 | . 1 . Hackware . | . . . Protection 3 | . . 3 Artifact . | . . . Weapon 11 | 2 5 4 Energy Gun 2 | 1 1 . Energy Cannon 2 | . . 2 Ballistic Gun 2 | 1 1 . Ballistic Cannon 3 | . 3 . Launcher . | . . . Special Weapon . | . . . Impact Weapon 2 | . . 2 Slashing Weapon . | . . . Piercing Weapon . | . . . Special Melee Weapon . | . . . Unidentified Prototypes . | . . . Parts Lost 7 | . . 7 Power 1 | . . 1 Propulsion 2 | . . 2 Utility 3 | . . 3 Weapon 1 | . . 1 Highest Loss Streak 6 | . . 6 Average Slot Usage (%) 97 | . 99 94 Engine 13 | . 14 10 Treads 25 | . 27 20 Storage 15 | . 14 21 Processor 12 | . 13 8 Protection 2 | . . 11 Energy Gun 6 | . 7 . Ballistic Gun 6 | . 8 . Ballistic Cannon 8 | . 11 . Impact Weapon 4 | . . 18 Naked Turns . | . . . Heaviest Build 44 | 12 27 44 Greatest Support 40 | 40 40 40 Greatest Overweight (x) 8 | . . 8 Average Overweight (x) . | . . . Largest Inventory Capacity 16 | 6 10 16 Average Capacity 10 | 5 9 13 Most Carried 14 | . 10 14 Average Carried 6 | . 6 9 Final Capacity 14 | 6 10 14 Final Carried 12 | . 10 12 Class Distribution -------------------- 97% | Mutant Dominant Class ---------------- Mutant | -10/Materials Mutant | -9/Materials Resources | -11 -10 -9 ----------- Run | Scr Mat Mat Matter Collected 945 | 260 541 144 Remotely . | . . . Salvage Created 1168 | 45 575 548 Parts 74 | 5 47 22 Haulers Intercepted . | . . . Recyclers Shooed 3 | . 3 . Parts Field Recycled . | . . . Retrieved Matter . | . . . Parts Self-Destructed . | . . . Prevented . | . . . Kills | -11 -10 -9 ------- Run | Scr Mat Mat Combat Hostiles Destroyed 30 | . 20 10 Melee 5 | . . 5 Guns 10 | . 10 . Cannons 10 | . 10 . Classes Destroyed 9 | 2 4 3 Worker 3 | 1 1 1 Tunneler 1 | 1 . . Recycler 3 | . 1 2 Operator 1 | . . 1 Watcher 4 | . 3 1 Swarmer 14 | . 9 5 Grunt 14 | . 11 3 Brawler 1 | . . 1 Sentry 1 | . . 1 Best Kill Streak 4 | 2 4 4 Combat Bots Only 4 | . 4 4 Max Kills in Single Turn 1 | 1 1 1 Gunslinging . | . . . Exploded . | . . . Melee 1 | . . 1 Uniques/NPCs Destroyed . | . . . Combat | -11 -10 -9 -------- Run | Scr Mat Mat Damage Taken 2345 | . 982 1363 Core 548 | . 147 401 Absorbed by Shields . | . . . Core Remaining (%) 70 | 100 41 . Volleys Fired 69 | 3 66 . Largest 2 | 1 2 . Hottest 70 | 40 70 . Shots Fired 135 | 3 132 . Gun 53 | 3 50 . Cannon 82 | . 82 . Launcher . | . . . Special . | . . . Kinetic 111 | . 111 . Thermal 14 | 3 11 . Explosive . | . . . Electromagnetic 10 | . 10 . Robot Hit Streak 9 | 1 9 . Robot Miss Streak 5 | 1 5 . Penetration Max . | . . . Secondary Targets 2 | . 2 . Max Gunslinging Chain 1 | . 1 . Shots Hit Robots 126 | 1 85 40 Core Hits 42 | 2 30 10 Critical Hits . | . . . Critical Kills . | . . . Critical Parts Destroyed . | . . . Melee Attacks 59 | . . 59 Impact 59 | . . 59 Slashing . | . . . Piercing . | . . . Sneak Attacks 5 | . . 5 Combat Hostiles . | . . . Follow-up Attacks 2 | . . 2 Damage Inflicted 2563 | 22 1081 1460 Guns 433 | 22 411 . Cannons 670 | . 670 . Explosions . | . . . Melee 1460 | . . 1460 Ramming . | . . . Kinetic 876 | . 876 . Thermal 100 | 22 78 . Explosive . | . . . Electromagnetic 127 | . 127 . Impact 1460 | . . 1460 Slashing . | . . . Piercing . | . . . Highest Corruption 2 | . . 2 Average Corruption 2 | . . 2 Corruption Purged . | . . . Effects 1 | . . 1 Targeting Errors 1 | . . 1 Overload Shots . | . . . Overflow Damage 149 | . 10 139 Projectiles 10 | . 10 . Explosions . | . . . Melee 139 | . . 139 Knockbacks 11 | . 9 2 Impact 2 | . . 2 Kinetic 9 | . 9 . Secondary . | . . . Self-Inflicted Damage . | . . . Shots . | . . . Rammed . | . . . Targets Rammed . | . . . Kicked . | . . . Crushed . | . . . Highest Temperature 180 | . 180 . Average Temperature 45 | . 45 . Received Heat Transfer 441 | . 240 201 Siege Activations . | . . . Robots Corrupted . | . . . Combat Hostiles . | . . . Parts Fried 6 | . . 6 Impact Corruptions 14 | . . 14 Robots Melted . | . . . Combat Hostiles . | . . . Parts Melted . | . . . Heat Transferred 225 | 50 175 . Parts Sabotaged . | . . . Parts Stolen . | . . . Parts Stripped . | . . . Power Chain Reactions . | . . . Missiles Intercepted . | . . . Alert | -11 -10 -9 ------- Run | Scr Mat Mat Peak Influence 232 | 10 232 187 Average Influence 70 | . 80 59 Maximum Alert Level 1 | . 1 . Low Security (%) 98 | 100 97 100 Level 1 1 | . 2 . Level 2 . | . . . Level 3 . | . . . Level 4 . | . . . Level 5 . | . . . High Security . | . . . Max Security . | . . . Squads Dispatched 6 | . 5 1 Investigation 3 | . 3 . Extermination . | . . . Reinforcement 3 | . 2 1 Assault . | . . . Garrison . | . . . Intercept . | . . . Construction Impeded . | . . . Haulers Reinforced . | . . . Stealth | -11 -10 -9 --------- Run | Scr Mat Mat Distress Signals 4 | . 2 2 Communications Jammed . | . . . Distress Signals . | . . . Times Spotted 57 | . 33 24 Peak Tracking Total 5 | . 5 5 Tactical Retreats 5 | . 2 3 Traps | -11 -10 -9 ------- Run | Scr Mat Mat Traps Triggered 4 | . 4 . Indirectly . | . . . Trap Hack Attempts . | . . . Triggered . | . . . Disarmed . | . . . Reprogrammed . | . . . Reused . | . . . Traps Extracted . | . . . Installed . | . . . Triggered . | . . . Machines | -11 -10 -9 ---------- Run | Scr Mat Mat Machines Disabled 1 | . 1 . Max in Single Turn 1 | . 1 . Machines Sabotaged . | . . . Garrisons Compromised . | . . . Overloaded Fab Kills . | . . . Fab Network Shutdowns . | . . . Hacking | -11 -10 -9 --------- Run | Scr Mat Mat Machines Accessed 9 | . 8 1 Terminals 6 | . 5 1 Fabricators . | . . . Repair Stations 1 | . 1 . Recycling Units 2 | . 2 . Scanalyzers . | . . . Garrison Access . | . . . Total Hacks 37 | . 35 2 Successful 26 | . 25 1 Failed 11 | . 10 1 Catastrophic . | . . . Database Lockouts . | . . . Manual . | . . . Terminals 23 | . 21 2 Fabricators . | . . . Repair Stations 11 | . 11 . Recycling Units 3 | . 3 . Scanalyzers . | . . . Garrison Access . | . . . Terminal Hacks 18 | . 17 1 Record 5 | . 5 . Prototype ID Bank 1 | . 1 . Branch Access Points 1 | . 1 . Emergency Access Points 1 | . 1 . Alert Level 1 | . 1 . Unreport Threat 1 | . 1 . Locate Traps 1 | . 1 . Dispatch Records 3 | . 2 1 Hauler Manifests 1 | . 1 . Registered Components 1 | . 1 . Zone Layout 2 | . 2 . Fabricator Hacks . | . . . Repair Station Hacks 7 | . 7 . Scan Component 4 | . 4 . Repair 3 | . 3 . Recycling Unit Hacks 1 | . 1 . Retrieve Components 1 | . 1 . Scanalyzer . | . . . Garrison Access Hacks . | . . . Unauthorized Hacks . | . . . Terminals . | . . . Fabricators . | . . . Repair Stations . | . . . Recycling Units . | . . . Scanalyzers . | . . . Garrison Access . | . . . Data Cores Recovered . | . . . Used . | . . . Hacking Detections 7 | . 6 1 Full Trace Events 4 | . 4 . Feedback Events . | . . . Feedback Blocked . | . . . Robot Schematics Acquired . | . . . Robots Built . | . . . Matter . | . . . Time . | . . . Total Robot Build Rating . | . . . Part Schematics Acquired . | . . . Parts Built . | . . . Matter . | . . . Time . | . . . Total Part Build Rating . | . . . Parts Repaired 3 | . 3 . Time 78 | . 78 . Parts Recycled . | . . . Recycled Matter . | . . . Retrieved Matter . | . . . Retrieved Components 10 | . 10 . Parts Scanalyzed . | . . . Part Schematics Acquired . | . . . Parts Damaged . | . . . Bothacking | -11 -10 -9 ------------ Run | Scr Mat Mat Used RIF Installer . | . . . Robots Hacked . | . . . Non-combat . | . . . Combat . | . . . Robot Hacks Applied . | . . . Relay Couplers Released . | . . . Robots Rewired . | . . . Allies Hacked . | . . . Hacks Repelled . | . . . Allies | -11 -10 -9 -------- Run | Scr Mat Mat Total Allies . | . . . Largest Group . | . . . Highest-Rated Group . | . . . Highest-Rated Ally . | . . . Total Orders . | . . . Ally Attacks . | . . . Total Damage . | . . . Kills . | . . . Allies Corrupted . | . . . Allies Melted . | . . . Intel | -11 -10 -9 ------- Run | Scr Mat Mat Robot Analysis Total . | . . . Derelict Logs Recovered . | . . . Drone Launches . | . . . Drone Recoveries . | . . . Exploration | -11 -10 -9 ------------- Run | Scr Mat Mat Turns Passed 2913 | 180 2018 715 Spaces Moved 1372 | 115 981 276 Core 18 | 16 . 2 Treads 1354 | 99 981 274 Legs . | . . . Wheels . | . . . Hover . | . . . Flight . | . . . Fastest Speed 50 | 50 160 160 Average Speed 159 | 144 160 163 Slowest Speed 450 | 160 160 450 Overloaded Moves . | . . . Propulsion Burnouts . | . . . Robots Hopped . | . . . Cave-ins Triggered . | . . . Exploration Rate (%) 39 | 5 94 18 Regions Visited 2 Branch Regions . Pre-discovered Areas . | . . . Known Exits Taken . | . . . Unknown Exits Taken 2 | 1 1 . Scrap Searched . | . . . Spaces Dug . | . . . Terrain Destroyed . | . . . Melee . | . . . Projectile . | . . . AOE . | . . . Actions | -11 -10 -9 --------- Run | Scr Mat Mat Total 1850 | 123 1296 431 Wait 279 | . 211 68 Move 1370 | 114 980 276 Hop . | . . . Pick Up 25 | . 16 9 Fast Attach 14 | 6 6 2 Attach 6 | . 2 4 Detach . | . . . Swap 14 | . 6 8 Drop 20 | . 9 11 Fire 69 | 3 66 . Melee 53 | . . 53 Ram . | . . . Kick . | . . . Crush . | . . . Escape Stasis . | . . . Rewire . | . . . Trap . | . . . Miscellaneous . | . . . Route ------- -11/Scrapyard -10/Materials (discovered 5 exits: *Mat x3 / *Min x2) -9/Materials History --------- Turn | Location | Event 5 | -11/Scrapyard | Discovered new exit (range 15) 181 | -11/Scrapyard | Entered Materials 232 | -10/Materials | Identified exit to Mines 329 | -10/Materials | Build established: Mutant 423 | -10/Materials | Discovered new exit (range 15) 721 | -10/Materials | Repaired Lgt. Treads 748 | -10/Materials | Repaired Lgt. Treads 905 | -10/Materials | Discovered new exit (range 14) 932 | -10/Materials | Core integrity fell below 50% 1739 | -10/Materials | Repaired Lgt. Treads 1877 | -10/Materials | Discovered new exit (range 15) 2199 | -10/Materials | Entered another Materials area 2199 | -9/Materials | Evolved 2 slots: Utility x2 2882 | -9/Materials | Core integrity fell below 50% 2903 | -9/Materials | Core integrity fell below 20% 2914 | -9/Materials | Destroyed by S-10 Pest with Light Assault Rifle Last Messages --------------- 02883_ Lgt. Ion Engine fried. 02883_ R-06 Scavenger collects Lgt. Treads. 02884_ K-01 Serf collects debris. 02885_ System corrupted: Hvy. Mace targeting data glitched. 02887_ K-01 Serf collects debris. 02888_ R-06 Scavenger collects Sml. Matter Pod. 02891_ K-01 Serf collects debris. 02891_ R-06 Scavenger collects Ion Engine. 02895_ C-30 ARC bursts open, deploying its payload. 02895_ G-47 Trooper unfolds itself. 02895_ G-34 Mercenary unfolds itself. 02896_ R-06 Scavenger collects Lgt. Ion Engine. 02897_ Cooling System destroyed. 02897_ Destroyed Flight Unit. 02897_ S-10 Pest system corrupted by crushing effect. 02898_ S-10 Pest IFF system glitched. 02901_ R-06 Scavenger collects Lgt. Assault Rifle. 02902_ S-10 Pest misfires. 02912_ Destroyed Flight Unit. 02912_ S-10 Pest system corrupted by crushing effect. Map ----- +----------------------------------------------------+ | #????????# #???????????????????????????????????? | | ?????????# #???????????????????????????????????? | | ?######### #???????????????????????????????????? | | #???????????????????????????????????? | | ?######### #???????????????????????????????????? | | ?????????# #???????????????????????????????????? | | ?????????# #???????????????????????????????????? | | ???????????# #???????????????????????????????????? | | ???????????# #???????????????????????????????????? | | ???????????# #???????????????????????????????????? | | ???????????# #???????????????????????????????????? | | ???????????# #??????????????##???????????????????? | | ???????????# #????????????? +???????????????????? | | ???????????# #????????????? #???????????????????? | | ???????????# #???????????? "#???????????????????? | | ???????????# ######## ???? "%#???????????????????? | | ???????????#!# # "#???????????????????? | | ???????????#=# # """ #???????????????????? | | ???????????#=# # """ ????????????????????? | | ???????????#%# #? """ ?????????????????????? | | ???????????#=# = #?? ??????#???????????????? | | ???????????#%+%=% #??##+###### ##??????????????? | | ????????# =###+####??# % % #??????????????? | | ????????# ## %%###### sg #??????????????? | | ??? + % %% %% s % #??????????????? | | ????# # ##### * #######@##### ???????? | | ????###?# ????#####?#####/#####?? " ??????? | | ????????#???????????# #???? "%" ???????? | | ????????????????????# #??????####????????? | | ????????????????????# #??????????????????? | | ????????????????????# #??????????????????? | | ????????????????????# #??????????????????? | | ????????????????????# + ?????????????????? | | ????????????????????# # ????????????????? | | ????????????????????# # ???????????????? | | ????????????????????#####+#####? #??????????????? | | ????????????????????????? ??????? ?????????????? | | ????????????????????????? ??????? ????????????? | | ????????????????????????? ???????? ???????????? | | ?????????????????????????#?????????###???????????? | | ?????????????????????????????????????????????????? | | ?????????????????????????????????????????????????? | | ?????????????????????????????????????????????????? | | ?????????????????????????????????????????????????? | | ?????????????????????????????????????????????????? | | ?????????????????????????????????????????????????? | | ?????????????????????????????????????????????????? | | ?????????????????????????????????????????????????? | | ?????????????????????????????????????????????????? | | ?????????????????????????????????????????????????? | +----------------------------------------------------+ Best States ------------- Heat Dissipation 50 Energy Generation 10 Energy Capacity 250 Matter Stores 300 Matter Capacity 300 Sight Range 16 Terrain Scan Density 10 Armor Coverage 300 Evasion (%) 50 Targeting Accuracy 6 Recoil Reduction 2 Item Schematics ----------------- None Robot Schematics ------------------ None Fabricated ------------ Nothing Alien Tech Used ----------------- None Achievements -------------- Everything Is Under Control Challenges ------------ None Game ------ Seed MappingNetworkBoosters Manual? 0 Play Time 00:32:21 Cumulative 14.4 hours Start 2020.02.02 @ 09:32:00 End 2020.02.02 @ 10:06:53 Sessions 1 Manual Loads 0 Difficulty Rogue Special Mode None Game No. 11 Rogue 11 Adventurer 0 Explorer 0 Win Type - Total 0 Types 0/0/0/0/0/0/0 Lore% 9 Gallery% 17 Achievement% 13 Wizard Run 0 Options --------- ASCII 0 Keyboard 0 Movement Numpad Keybinds 0 Fullscreen 1 Font 12/Terminus Map View 83x54 Tactical HUD 1 Map Filters NONE Filters NONE Steam 1 RUN: aae83506-9d52-4918-8661-dfda5fb309b5